Map: Подводный мир РВ

Players

Pulpoel - Winner!

  • Race: Protoss Protoss
  • League: Diamond
  • Spawn Location: 5:00

Dolmatt

  • Race: Terran Terran
  • League: Diamond
  • Spawn Location: 11:00

VOD

Have the link to the VOD?

Description

Time

  • Played on: Nov. 29, 2020, 3:55 p.m.
  • Length: 15:19
Show
View Real Time Build Order
Export as new Build Order

Pulpoel Protoss - Winner!

Build Orders: 1 Gate Expand 

Get SALT Encoding   

  12  0:01  Probe (Chrono Boost)  
  13  0:10  Probe (Chrono Boost)  
  14  0:17  Pylon  
  14  0:21  Probe  
  16  0:35  Probe  
  16  0:40  Gateway  
  16  0:44  Assimilator  
  16  0:47  Probe  
  17  1:00  Probe (Chrono Boost)  
  19  1:12  Probe (Chrono Boost)  
  18  1:19  Probe (Chrono Boost)  
  19  1:26  Probe  
  19  1:28  Cybernetics Core  
  20  1:41  Nexus  
  20  1:46  Pylon  
  20  1:51  Assimilator  
  20  1:56  Probe  
  21  2:04  Adept (Chrono Boost), Warp Gate  
  23  2:11  Probe  
  24  2:23  Probe  
  24  2:25  Adept  
  27  2:35  Probe  
  28  2:42  Robotics Facility  
  28  2:44  Shield Battery  
  28  2:57  Probe (Chrono Boost)  
  29  3:02  Probe (Chrono Boost)  
  30  3:12  Probe (Chrono Boost)  
  32  3:13  Probe (Chrono Boost)  
  32  3:17  Probe (Chrono Boost)  
  33  3:21  Probe (Chrono Boost), Stalker  
  33  3:25  Twilight Council  
  36  3:29  Probe (Chrono Boost), Pylon  
  38  3:38  Observer, Probe x2 (Chrono Boost)  
  40  3:43  Probe (Chrono Boost)  
  40  3:44  Probe (Chrono Boost)  
  42  3:51  Pylon  
  42  3:55  Gateway, Probe  
  43  3:56  Probe  
  43  3:58  Assimilator  
  44  4:04  Assimilator  
  44  4:05  Observer  
  44  4:06  Sentry  
  44  4:07  Probe  
  44  4:08  Probe  
  49  4:10  Observer  
  49  4:19  Probe  
  49  4:20  Probe, Pylon  
  51  4:29  Blink (Chrono Boost)  
  51  4:33  Stalker  
  53  4:52  Probe x2  
  55  5:01  Forge  
  55  5:03  Robotics Bay  
  55  5:14  Gateway  
  55  5:15  Gateway  
  55  5:17  Gateway  
  55  5:23  Gateway  
  55  5:34  Stalker x2  
  55  5:36  Probe x2  
  55  5:39  Immortal (Chrono Boost)  
  61  5:43  Protoss Ground Weapons Level 1 (Chrono Boost)  
  61  5:47  Extended Thermal Lance (Chrono Boost)  
  61  5:48  Probe x2  
  63  5:59  Zealot x2  
  67  6:17  Nexus  
  67  6:18  Colossus (Chrono Boost)  
  67  6:19  Pylon  
  67  6:21  Pylon  
  67  6:23  Pylon  
  59  6:35  Stalker x5  
  65  6:44  Observer, Probe x2  
  67  6:51  Shield Battery  
  67  6:53  Shield Battery  
  65  6:56  Probe x2  
  64  7:04  Colossus  
  70  7:10  Photon Cannon  
  70  7:12  Photon Cannon, Probe x2  
  72  7:20  Gravitic Drive  
  72  7:25  Probe (Chrono Boost)  
  73  7:30  Stalker x3  
  73  7:32  Sentry  
  73  7:33  Probe (Chrono Boost), Protoss Ground Armor Level 1 (Chrono Boost)  
  73  7:34  Probe (Chrono Boost)  
  84  7:42  Probe (Chrono Boost)  
  84  7:43  Probe (Chrono Boost)  
  86  7:44  Probe (Chrono Boost)  
  86  7:48  Pylon  
  86  7:58  Probe x3  
  89  8:00  Assimilator  
  89  8:04  Assimilator  
  89  8:05  Warp Prism (Chrono Boost)  
  91  8:14  Zealot, Dark Shrine  
  91  8:15  Zealot x5  
  103  8:37  Immortal (Chrono Boost)  
  107  8:44  Probe x3  
  110  8:53  Pylon  
  110  8:59  Pylon  
  110  9:06  Gateway x2  
  110  9:12  Protoss Ground Weapons Level 2  
  110  9:13  Warp Prism (Chrono Boost)  
  112  9:26  Shadow Stride  
  112  9:30  Nexus  
  112  9:32  Pylon  
  112  9:33  Probe x3  
  112  9:35  Pylon  
  112  9:36  Dark Templar x3  
  112  9:37  Dark Templar x3, Pylon  
  127  10:11  Dark Templar x2  
  127  10:12  Dark Templar x6  
  113  10:56  Dark Templar  
  115  10:58  Dark Templar x5  
  115  11:02  Archon x2  
  115  11:04  Archon  
  125  11:07  Probe x4  
  125  11:10  Shield Battery  
  129  11:12  Shield Battery  
  129  11:17  Photon Cannon, Charge (Chrono Boost), Zealot x2  
  131  11:18  Photon Cannon  
  131  11:19  Probe x2  
  131  11:21  Photon Cannon  
  131  11:25  Assimilator  
  133  11:30  Assimilator  
  129  11:35  Observer  
  129  11:37  Zealot  
  129  11:38  Zealot x4  
  129  11:39  Zealot x2  
  131  11:46  Protoss Ground Armor Level 2  
  121  11:49  Zealot  
  111  12:01  Dark Templar x4  
  113  12:02  Dark Templar x2  
  123  12:13  Warp Prism  
  125  12:29  Zealot x2  
  129  12:50  Stalker  
  129  12:51  Stalker x7  
  133  13:28  Zealot x2  
  133  13:29  Zealot x6  
  143  13:54  Zealot x4  
  143  13:55  Zealot x4  
  149  14:07  Warp Prism (Chrono Boost)  
  151  14:23  Dark Templar x5, Nexus  
  151  14:24  Dark Templar x3  
  165  14:25  Pylon  
  165  14:28  Pylon  
  156  15:03  Dark Templar x5  
  156  15:04  Dark Templar x3  
  172  15:10  Shield Battery  
  172  15:12  Shield Battery  
  172  15:14  Photon Cannon  
  172  15:15  Photon Cannon  
  172  15:17  Photon Cannon  
Show
View Real Time Build Order
Export as new Build Order

Dolmatt Terran 

Build Orders: 2 Factory, Reaper Expand, Mech 

Get SALT Encoding   

  12  0:01  SCV  
  13  0:13  SCV  
  14  0:17  Supply Depot  
  14  0:26  SCV  
  15  0:39  SCV  
  16  0:43  Barracks  
  16  0:46  Refinery  
  16  0:51  SCV  
  17  1:03  SCV  
  17  1:15  SCV  
  18  1:28  SCV  
  19  1:45  Reaper  
  19  1:46  Orbital Command  
  20  1:54  Command Center  
  20  2:01  Refinery  
  20  2:02  Supply Depot  
  20  2:13  SCV  
  21  2:18  Barracks Reactor  
  21  2:25  SCV  
  22  2:31  Factory  
  22  2:37  SCV  
  23  2:49  SCV  
  24  2:55  Marine x2  
  26  3:01  SCV  
  27  3:08  Factory  
  27  3:13  Marine  
  27  3:14  SCV  
  27  3:15  Starport  
  27  3:16  Factory Tech Lab  
  29  3:23  Refinery, Orbital Command  
  29  3:28  SCV  
  29  3:33  Marine x2  
  32  3:40  SCV  
  33  3:48  SCV  
  33  3:52  Cyclone, SCV  
  33  3:53  Supply Depot  
  33  3:54  Starport Reactor  
  38  3:58  Factory Tech Lab  
  38  4:00  SCV  
  39  4:04  SCV  
  39  4:07  Engineering Bay  
  40  4:13  SCV  
  40  4:15  Mag-Field Accelerator  
  40  4:16  SCV  
  42  4:20  Supply Depot  
  44  4:24  Widow Mine  
  44  4:25  SCV  
  44  4:28  SCV  
  46  4:33  Liberator  
  49  4:42  SCV  
  49  4:43  SCV  
  51  4:46  Refinery  
  51  4:48  Supply Depot  
  51  4:49  Armory  
  51  4:54  SCV  
  51  4:55  SCV  
  56  5:00  Cyclone  
  56  5:06  SCV  
  58  5:07  SCV  
  58  5:12  Infernal Pre-Igniter  
  58  5:19  SCV x2  
  60  5:37  SCV x2  
  62  5:45  Siege Tank  
  62  5:46  Siege Tank  
  62  5:49  SCV x2  
  70  5:54  Factory  
  70  6:21  SCV  
  70  6:28  Siege Tank  
  69  6:35  Siege Tank  
  69  6:39  Command Center  
  66  6:45  Drilling Claws  
  66  6:46  Factory Reactor  
  62  6:52  Factory  
  62  6:54  Liberator  
  59  7:08  Terran Vehicle Weapons Level 1  
  59  7:11  Siege Tank  
  62  7:20  SCV x2  
  62  7:29  Sensor Tower  
  62  7:32  SCV x2  
  64  7:44  Supply Depot, SCV x2  
  65  7:47  Missile Turret  
  66  7:53  Planetary Fortress  
  66  7:56  SCV x2  
  66  7:57  Refinery x2  
  68  8:07  Supply Depot x2  
  68  8:08  SCV x2  
  68  8:12  Missile Turret  
  70  8:16  Command Center  
  70  8:17  Siege Tank  
  70  8:18  Siege Tank  
  70  8:19  Hellbat  
  80  8:20  Hellbat, SCV x2  
  82  8:27  Liberator  
  82  8:29  Supply Depot, Factory Reactor  
  82  8:31  Supply Depot  
  82  8:32  Sensor Tower, SCV x2  
  82  8:34  SCV  
  88  8:41  Hellbat x2  
  92  8:44  SCV x2  
  92  8:46  SCV  
  95  8:49  Siege Tank  
  95  8:50  Supply Depot  
  95  8:51  Factory  
  95  8:53  Supply Depot  
  95  8:55  Supply Depot  
  98  8:56  Factory, SCV  
  98  8:57  SCV  
  98  8:58  Armory, SCV  
  98  8:59  Factory  
  98  9:02  Hellbat x2  
  105  9:07  Hellbat  
  105  9:08  Hellbat, SCV  
  105  9:09  SCV  
  111  9:10  SCV  
  111  9:16  Supply Depot  
  112  9:21  SCV x2  
  112  9:22  SCV  
  112  9:24  Hellbat x2  
  119  9:29  Hellbat x2, Refinery  
  119  9:30  Thor  
  129  9:33  SCV  
  129  9:35  SCV x2, Planetary Fortress  
  132  9:38  Refinery  
  132  9:39  Supply Depot  
  132  9:45  Hellbat x2, SCV  
  137  9:47  SCV x2  
  137  9:48  Thor  
  137  9:50  Hellbat x2  
  137  9:51  Factory Tech Lab  
  149  9:57  SCV  
  144  10:01  Supply Depot  
  144  10:06  Hellbat  
  144  10:07  Hellbat  
  144  10:11  Hellbat  
  144  10:12  Hellbat, Thor  
  152  10:25  Missile Turret  
  152  10:28  Hellbat x2  
  156  10:32  Factory Tech Lab x2  
  156  10:33  Hellbat x2  
  156  10:35  Thor x2  
  165  10:49  Hellbat x2  
  158  10:54  Hellbat x2  
  162  10:59  Thor  
  168  11:09  Command Center  
  168  11:10  Hellbat  
  168  11:11  Hellbat  
  172  11:16  Hellbat x2  
  172  11:17  Starport  
  176  11:26  Thor  
  176  11:29  Thor  
  176  11:32  Hellbat x2  
  168  11:45  Thor x3  
  154  11:47  Hellbat  
  154  11:48  Hellbat  
  129  11:56  SCV  
  130  12:02  SCV  
  130  12:07  Terran Vehicle Weapons Level 2  
  131  12:08  Terran Vehicle And Ship Armor Level 1  
  131  12:09  Starport Tech Lab  
  131  12:13  SCV  
  131  12:14  SCV x2  
  134  12:22  Planetary Fortress  
  134  12:25  SCV  
  134  12:26  SCV x2  
  137  12:31  Siege Tank  
  140  12:38  SCV x3  
  143  12:50  SCV x3, Raven  
  148  12:54  Refinery  
  146  13:02  SCV x2  
  148  13:08  Siege Tank x3, Missile Turret  
  157  13:28  Command Center, Refinery  
  157  13:29  Refinery  
  157  13:40  Thor x2, Siege Tank x2  
  174  13:43  Hellbat x2  
  147  13:56  Command Center  
  147  14:03  Hellion x2  
  147  14:04  Hellbat x2  
  155  14:25  Hellbat x2  
  122  14:45  Hellbat  
  122  14:46  Hellbat  
  122  14:53  SCV  
  122  14:56  Missile Turret  
  122  14:59  SCV x2  
  125  15:05  SCV  
Tags
 
Add a new tag
Caveats
  • Supply blocks, unpowered buildings, or Contaminate may cause inaccurate times.
  • Supply counts are checked every 10 seconds.